 Dungeon Crawl Stone Soup version 0.30-a0-354-g6b83867211 (webtiles) character file.

Game seed: 16405759429505104208

917 koil the Sneak (level 7, -6/35 HPs)
             Began as a Spriggan Enchanter on Nov 7, 2022.
             Frozen to death by Zonian's ghost (21 damage)
             ... on level 5 of the Dungeon.
             The game lasted 00:14:07 (5019 turns).

koil the Sneak (Spriggan Enchanter)                 Turns: 5019, Time: 00:14:07

Health: -6/35      AC:  2    Str:  4    XL:     7   Next: 83%
Magic:  10/15      EV: 19    Int: 19    God:
Gold:   133        SH:  0    Dex: 15    Spells: 7/15 levels left

rFire   + + .      SeeInvis +    b - +1 spear of Sin {spect, +Blink rF++ rCorr Stlth-}
rCold   . . .      Faith    .    (no shield)
rNeg    . . .      Spirit   .    p - +0 robe
rPois   .          Reflect  .    (helmet restricted)
rElec   .          Harm     .    (no cloak)
rCorr   +          Rampage  .    (gloves unavailable)
Will    +....                    (boots unavailable)
Stlth   ++........               (no amulet)
HPRegen 0.25/turn                (no ring)
MPRegen 0.14/turn                (no ring)

@: lethally poisoned (-6 -> -12), very quick
A: very small, no large weapons, unfitting armour, see invisible, speed 3
a: Evoke Blink


You were on level 5 of the Dungeon.
You visited 1 branch of the dungeon, and saw 5 of its levels.

You collected 198 gold pieces.
You spent 65 gold pieces at shops.

Inventory:

Hand Weapons
 a - a +2 dagger of protection
 b - the +1 spear of Sin (weapon) {spect, +Blink rF++ rCorr Stlth-}
   (You found it on level 4 of the Dungeon)

   When its wielder attacks, the weapon's spirit leaps out and strikes again.
   The spirit shares a part of any damage it takes with its wielder.
   rF:        It greatly protects you from fire.
   +Blink:    It lets you blink.
   rCorr:     It protects you from acid and corrosion.
   Stlth:     It makes you less stealthy.
 r - a +1 dagger
Missiles
 n - 3 throwing nets (quivered)
 x - a poisoned dart
Armour
 p - a +0 robe (worn)
 s - an orb of light
 t - a +0 robe
Jewellery
 z - a ring of flight
Wands
 y - a wand of flame (23)
 G - a wand of paralysis (10)
Scrolls
 d - 3 scrolls of fog {unknown}
 e - 6 scrolls of teleportation
 h - 7 scrolls of identify
 i - 2 scrolls of magic mapping {unknown}
 j - 2 scrolls of brand weapon {unknown}
 k - a scroll of immolation {unknown}
 l - 2 scrolls of enchant weapon {unknown}
 m - a scroll of acquirement {unknown}
 v - a scroll of silence {unknown}
 B - a scroll of fear {unknown}
 D - a scroll of noise {unknown}
 F - a scroll of blinking {unknown}
Potions
 c - 3 potions of invisibility
 f - 2 potions of curing
 g - a potion of haste {unknown}
 o - a potion of resistance {unknown}
 q - a potion of heal wounds {unknown}
 u - a potion of brilliance {unknown}
 w - a potion of ambrosia {unknown}
 A - a potion of mutation {unknown}
 C - a potion of magic {unknown}
 E - a potion of degeneration {unknown}


   Skills:
 + Level 2.4 Fighting
 + Level 3.6 Short Blades
 + Level 5.0 Dodging
 + Level 6.7 Stealth
 + Level 4.8 Spellcasting
 + Level 2.3 Conjurations
 + Level 5.4 Hexes
 + Level 1.4 Transmutations


You had 7 spell levels left.
You knew the following spells:

 Your Spells              Type           Power      Damage    Failure   Level
a - Ensorcelled Hibernat  Hex/Ice        28%        N/A       6%          2
b - Confusing Touch       Hex            25%        N/A       4%          3
c - Dazzling Flash        Conj/Hex       38%        N/A       8%          3

Your spell library contained the following spells:

 Spells                   Type           Power      Damage    Failure   Level
 Tukima's Dance           Hex            25%        N/A       4%          3
 Portal Projectile        Hex/Tloc       28%        N/A       12%         3
 Apportation              Tloc           8%         N/A       13%         1
 Freeze                   Ice            16%        1d4       13%         1
 Necrotise                Necr           16%        1d4       13%         1
 Summon Small Mammal      Summ           16%        N/A       13%         1
 Hailstorm                Conj/Ice       9%         3d4       24%         3
 Ignite Poison            Fire/Tmut/Pois 6%         N/A       30%         3
 Frozen Ramparts          Ice            8%         1d2       36%         3
 Sticky Flame             Conj/Fire      9%         2d3       61%         4
 Blade Hands              Tmut           5%         N/A       89%         5
 Ignition                 Fire           2%         3d3       100%        8


Dungeon Overview and Level Annotations

Branches:
Dungeon (5/15)
 Temple: D:4-7

Altars:
Xom

Shops:
D:4 ?[([

Annotations:
D:5 Zonian's ghost, novice DjIE


Innate Abilities, Weirdness & Mutations

You are very small and have problems with some larger weapons.
You are too small for most types of armour.
You have supernaturally acute eyesight. (SInv)
You cover ground extremely quickly. (Speed+++)


Message History

You kill the adder!
You reach to attack!
You hit Zonian's ghost but do no damage.
Zonian's ghost is moderately damaged.
Your +1 spear of Sin {spect, +Blink rF++ rCorr Stlth-} completely misses Zonian's ghost.
You swap places.
You reach to attack!
You hit Zonian's ghost.
Zonian's ghost is heavily damaged.
Your +1 spear of Sin {spect, +Blink rF++ rCorr Stlth-} hits Zonian's ghost.
You reach to attack!
You barely miss Zonian's ghost.
Zonian's ghost is heavily damaged.
Your +1 spear of Sin {spect, +Blink rF++ rCorr Stlth-} hits Zonian's ghost!
You hit Zonian's ghost but do no damage.
Zonian's ghost is severely damaged.
Your +1 spear of Sin {spect, +Blink rF++ rCorr Stlth-} hits Zonian's ghost.
Zonian's ghost closely misses you.
You hit Zonian's ghost.
You punch Zonian's ghost, but do no damage.
Zonian's ghost is severely damaged.
Your +1 spear of Sin {spect, +Blink rF++ rCorr Stlth-} hits Zonian's ghost.
Zonian's ghost hits you.
You are poisoned.
You hit Zonian's ghost.
Zonian's ghost is severely damaged.
Your +1 spear of Sin {spect, +Blink rF++ rCorr Stlth-} hits Zonian's ghost.
You feel very sick.
Zonian's ghost seems less confused.
Zonian's ghost closely misses your +1 spear of Sin {spect, +Blink rF++ rCorr Stlth-}.
You hit Zonian's ghost but do no damage.
Zonian's ghost is almost destroyed.
Your +1 spear of Sin {spect, +Blink rF++ rCorr Stlth-} closely misses Zonian's ghost.
You feel sick. Zonian's ghost barely misses you.
You hit Zonian's ghost.
Zonian's ghost is almost destroyed.
Your +1 spear of Sin {spect, +Blink rF++ rCorr Stlth-} closely misses Zonian's ghost.
You feel sick. Zonian's ghost freezes you.
You are frozen!!
Ouch! That really hurt!
You die...

.# #...)........#~#
#.###.#
.####.#.#........#)#
#.# #.## #
........##########~#
#.# #..## #
......### #~# #.#
##..# # #.#####
##~## #.# ##.### #.#
####~####.#####..†.
#'###
##(.#'#.##.......>##
....#
#.W......##########
....#
#..@.....'....#
....#
#........####.#
....# #........# #.#
## ....# #........#
#.#####. ....#
######.### #.......
#+#.# #.# #######.
....# #)# ####### #.
#.#.# #.# #.....# #.
#.#.## #.####.###.#
#.


You could see Zonian's ghost and a friendly +1 spear of Sin {spect, +Blink rF++
rCorr Stlth-} (summoned).

Vanquished Creatures
  Sigmund (D:3)
  A water moccasin (D:5)
  An ogre (D:5)
  A necrophage (D:5)
  A scorpion (D:4)
  A howler monkey (D:4)
  A jelly (D:5)
  A hound (D:3)
  2 orc priests (D:5)
  An iguana (D:5)
  2 orc wizards (D:5)
  5 adders
  6 gnolls (D:5)
  A shadow imp (D:5)
  2 ufetubi (D:5)
  3 worms
  3 dart slugs
  4 orcs
  4 endoplasms (D:1)
  3 giant cockroaches
  7 goblins
  8 hobgoblins
  5 jackals (D:1)
  2 quokkas
  3 training dummies (D:4)
  4 ball pythons
  3 bats
  5 frilled lizards
  6 kobolds
  4 rats
91 creatures vanquished.

Notes
Turn   | Place    | Note
-------+----------+-------------------------------------------
     0 | D:1      | koil the Spriggan Enchanter began the quest for the Orb.
     0 | D:1      | Reached XP level 1. HP: 9/9 MP: 5/5
   141 | D:1      | Reached XP level 2. HP: 13/13 MP: 6/6
   152 | D:1      | Learned a level 2 spell: Ensorcelled Hibernation
   532 | D:1      | Found a faded altar of an unknown god.
  1075 | D:2      | Reached XP level 3. HP: 16/17 MP: 8/8
  1079 | D:2      | Learned a level 3 spell: Confusing Touch
  1083 | D:2      | Learned a level 3 spell: Dazzling Flash
  2012 | D:3      | Reached XP level 4. HP: 21/21 MP: 6/9
  2018 | D:3      | Reached skill level 1 in Conjurations
  2084 | D:3      | Noticed Sigmund
  2115 | D:3      | Found a shimmering altar of Xom.
  2182 | D:3      | Killed Sigmund
  2183 | D:3      | Reached skill level 1 in Fighting
  2183 | D:3      | Reached skill level 5 in Stealth
  2183 | D:3      | Reached XP level 5. HP: 25/25 MP: 3/11
  2452 | D:4      | Found Loryoneo's Magic Scroll Shop.
  2478 | D:3      | Reached XP level 6. HP: 10/30 MP: 6/12
  2792 | D:3      | Found a shimmering altar of Xom.
  3109 | D:4      | Identified the +1 spear of Sin {spect, +Blink rF++ rCorr
                  | Stlth-}
  3142 | D:4      | Bought a scroll of identify for 26 gold pieces
  3142 | D:4      | Bought a scroll of teleportation for 39 gold pieces
  3376 | D:4      | Found Pat Oboh's Armour Emporium.
  3408 | D:4      | Found Xuttal's Firing Range.
  3737 | D:4      | Found Xisoil's Antique Armour Boutique.
  3835 | D:5      | Entered Level 5 of the Dungeon
  3863 | D:5      | Found a runed translucent door.
  3867 | D:5      | Noticed Zonian's ghost (novice DjIE)
  3990 | D:5      | Reached skill level 6 in Stealth
  4092 | D:5      | Noticed a water moccasin
  4099 | D:5      | Killed a water moccasin
  4100 | D:5      | Reached skill level 5 in Hexes
  4100 | D:5      | Reached XP level 7. HP: 35/35 MP: 9/14
  4555 | D:5      | HP: 1/35 [ogre/+0 giant club (22)]
  4563 | D:5      | Reached skill level 1 in Transmutations
  4917 | D:5      | Reached skill level 5 in Dodging
  4917 | D:5      | Paralysed by an orc priest for 2 turns
  5019 | D:5      | Frozen to death by Zonian's ghost

Illustrated notes

Levels and vault maps discovered:
D:1:      ncdulo_wetmaze, layout_basic, ebering_ecumenical_altar_box
D:2:      layout_basic, serial_glass, glass_columns_a, glass_columns_a,
          nrook_campfire, st_stairs_14
D:3:      layout_basic, lemuel_doored_altar, uniq_sigmund
D:4:      layout_basic, serial_shops, shop, shop, nicolae_stop_n_shop_1,
          nicolae_shop_firing_range
D:5:      layout_basic, ebering_ghost_sewer_d, minivault_24

Skill      XL: |  1  2  3  4  5  6  7 |
---------------+----------------------+-----
Dodging        | 3 4 5 |  5.0
Spellcasting   | 3 4 |  4.8
Hexes          | 4 5 |  5.4
Conjurations   | 1 2 |  2.3
Fighting       | 1 2 |  2.4
Short Blades   | 2 3 |  3.6
Stealth        | 5 6 |  6.7
Transmutations | 1 |  1.4

Action                   |  1- 3 |  4- 6 |  7- 9 || total
-------------------------+-------+-------+-------++-------
Melee: Dagger            |   132 |    53 |     8 ||   193
       Punch             |     1 |       |     1 ||     2
       Spear             |       |    42 |    47 ||    89
 Cast: Ensorcelled Hiber |     9 |    19 |     8 ||    36
       Confusing Touch   |       |       |     1 ||     1
  Use: Potion            |       |       |     1 ||     1
 Stab: Sleeping          |    22 |    13 |     6 ||    41
       Distracted        |       |       |     1 ||     1
       Confused          |       |       |     1 ||     1
Armor: Robe              |     7 |     7 |     2 ||    16
Dodge: Dodged            |    84 |    79 |    20 ||   183

Table legend: (Time is in decaauts)
 A = Elapsed time spent in this place.
 B = Non-inter-level travel time spent in this place.
 C = Inter-level travel time spent in this place.
 D = Time resting spent in this place.
 E = Time spent auto-exploring this place.
 F = Levels seen in this place.
 G = Mean time per level.
                   A        B        C        D        E       F      G
               +--------+--------+--------+--------+--------+-----+--------+
         Total |   3611 |   3470 |    141 |     57 |   2757 |   5 |  722.2 |
       Dungeon |   3611 |   3470 |    141 |     57 |   2757 |   5 |  722.2 |
               +--------+--------+--------+--------+--------+-----+--------+

Top non-repeatable levels by time:
     D:3: 947 daAuts
     D:5: 889 daAuts
     D:1: 745 daAuts
     D:2: 526 daAuts
     D:4: 503 daAuts
